AoeStats
← MK Sinaloa

Baltic

510618660Analyzed
2v2 RM · 1d ago on Oct 1, 2026· 42m 16s· 4 players
Game mode
Random Map
Map size
Medium (4 player)
Population
200
Speed
Normal
Resources
Standard
Victory
Conquest
Starting age
Dark Age
Ending age
Imperial Age
RankedLock teamsTeams togetherTeam positionsShared explorationLock speedFull tech treeHidden civsTurbo modeCheats
Victory
Defeat
🇦🇷 Franks · Argentina
856
+12
🇦🇷 Persians · Argentina
738
+16
🇲🇽 Aztecs · Mexico
862
-18
🇲🇽 Khmer · Mexico
644
-10
manu.sf
15:22 Feudal Age
16:29 Double-Bit Axe
16:35 Gold Mining
18:41 Wheelbarrow
22:54 Castle Age
21:25 Arson
21:49 Scale Barding Armor
21:54 Forging
21:45 Scale Mail Armor
24:12 Husbandry
25:31 Bow Saw
25:59 Gold Shaft Mining
29:33 Hand Cart
30:13 Chain Barding Armor
30:28 Iron Casting
30:10 Chain Mail Armor
30:03 Squires
32:16 Ordonnance Companies
39:49 Imperial Age
3GUR3N
4:31 Loom
13:25 Feudal Age
18:23 Town Watch
22:12 Castle Age
23:49 Wheelbarrow
23:47 Horse Collar
24:48 Double-Bit Axe
25:08 Heavy Plow
25:54 Man-at-Arms
27:32 Gambesons
32:01 Bow Saw
32:01 Scale Mail Armor
32:07 Long Swordsman
32:35 Arson
33:01 Squires
35:10 Forging
35:20 Chain Mail Armor
38:35 Iron Casting
38:11 Scale Barding Armor
43:06 Imperial Age
40:56 Hand Cart
Goberneitor
0:45 Loom
9:43 Feudal Age
13:55 Double-Bit Axe
20:18 Wheelbarrow
22:59 Horse Collar
28:37 Castle Age
30:37 Pikeman
MK Sinaloa
1:49 Loom
14:05 Feudal Age
15:23 Double-Bit Axe
15:28 Horse Collar
17:28 Scale Mail Armor
23:43 Castle Age
22:07 Stone Mining
23:01 Gold Mining
23:59 Wheelbarrow
24:33 Town Watch
26:01 Hand Cart
26:11 Heavy Plow
31:35 Chain Mail Armor
31:31 Forging
31:25 Squires
31:11 Arson
38:55 Ballistics
38:32 Murder Holes
Connection lost

Rejoining the realm…

Still unreachable

The connection could not be restored.

Session expired

The server has moved on; the page needs a fresh start.